 Dungeon Crawl Stone Soup version 0.23-a0-61-g4bf3f6c (webtiles) character file.

3473 Mgcat the Nimble (level 10, -2/77 HPs)
             Began as a Gnoll Gladiator on Aug 9, 2018.
             Was an Elder of Okawaru.
             Killed by divine providence
             ... invoked by an orc priest
              (11 damage)
             ... on level 8 of the Dungeon.
             The game lasted 00:13:50 (6305 turns).

Mgcat the Nimble (Gnoll Gladiator)                  Turns: 6305, Time: 00:13:50

Health: -2/77      AC: 12    Str: 20    XL:     10   Next: 6%
Magic:  0/17       EV: 13    Int: 11    God:    Okawaru [****..]
Gold:   214        SH:  0    Dex: 20    Spells: 18/18 levels left

rFire    . . .     SeeInvis .   v - +6 mace "Dunias" {venom, Dex+4 Stlth+}
rCold    . . .     Gourm    .   (no shield)
rNeg     . . .     Faith    .   B - +0 chain mail
rPois    .         Spirit   +   c - +0 helmet
rElec    .         Reflect  .   (no cloak)
rCorr    .         Harm     .   (no gloves)
MR       .....                  l - +0 pair of boots
Stlth    +.........             b - amulet of guardian spirit {Spirit}
HPRegen  0.22/turn              e - ring of wizardry {Wiz+, !d}
MPRegen  0.15/turn              u - ring of wizardry {Wiz+, !d}

@: no status effects
A: distributed training, fangs 1, strong nose
a: Heroism, Renounce Religion


You were on level 8 of the Dungeon.
You worshipped Okawaru.
Okawaru was greatly pleased with you.
You were hungry.

You visited 1 branch of the dungeon, and saw 8 of its levels.

You collected 414 gold pieces.
You spent 200 gold pieces at shops.

Inventory:

Hand Weapons
 v - the +6 mace "Dunias" (weapon) {venom, Dex+4 Stlth+}
   (You bought it in a shop on level 6 of the Dungeon)

   It poisons the flesh of those it strikes.
   It affects your dexterity (+4).
   It makes you more stealthy.
Missiles
 d - 4 throwing nets {=f, !d}
Armour
 c - a +0 helmet (worn)
 l - a +0 pair of boots (worn)
   (You found it on level 6 of the Dungeon)
 B - a +0 chain mail (worn)
   (You found it on level 7 of the Dungeon)
Jewellery
 b - an amulet of guardian spirit (around neck) {Spirit}
   (You took it off an orc on level 4 of the Dungeon)
 e - a ring of wizardry (left hand) {Wiz+, !d}
   (You found it on level 1 of the Dungeon)
 u - a ring of wizardry (right hand) {Wiz+, !d}
   (You took it off an orc on level 5 of the Dungeon)
Wands
 p - a wand of paralysis (46)
   (You found it on level 3 of the Dungeon)
 w - a wand of disintegration (15)
   (You took it off an orc on level 6 of the Dungeon)
 x - a wand of flame (23)
   (You found it on level 6 of the Dungeon)
Scrolls
 g - 7 scrolls of teleportation
 i - 4 scrolls of remove curse
 j - 2 scrolls of amnesia
 t - a scroll of fog {unknown}
 y - a scroll of silence {unknown}
 A - a scroll of torment {unknown}
Potions
 a - 3 potions of degeneration {unknown}
 h - 3 potions of brilliance
 k - a potion of agility {unknown}
 m - 2 potions of ambrosia
 q - 2 potions of might {unknown}
 r - a potion of mutation {!q}
 z - a potion of heal wounds {unknown}
Comestibles
 f - 18 rations


   Skills:
 + Level 6.7 Fighting
 + Level 4.8 Short Blades
 + Level 4.8 Long Blades
 + Level 4.8 Axes
 + Level 4.8 Maces & Flails
 + Level 4.8 Polearms
 + Level 8.2 Staves
 + Level 4.8 Slings
 + Level 4.8 Bows
 + Level 4.8 Crossbows
 + Level 6.7 Throwing
 + Level 4.8 Armour
 + Level 8.2 Dodging
 + Level 4.8 Stealth
 + Level 4.8 Shields
 + Level 4.8 Unarmed Combat
 + Level 4.8 Spellcasting
 + Level 4.0 Conjurations
 + Level 4.0 Hexes
 + Level 4.0 Charms
 + Level 4.0 Summonings
 + Level 4.0 Necromancy
 + Level 4.0 Translocations
 + Level 4.0 Transmutations
 + Level 4.0 Fire Magic
 + Level 4.0 Ice Magic
 + Level 4.0 Air Magic
 + Level 4.0 Earth Magic
 + Level 4.0 Poison Magic
 + Level 5.3 Invocations
 + Level 4.8 Evocations


You had 18 spell levels left.
You didn't know any spells.
Your spell library was empty.

Dungeon Overview and Level Annotations

Branches:
Dungeon (8/15)             Temple (0/1) D:6
   Lair: D:8-11

Altars:
Dithmenos
Elyvilon
Makhleb
Okawaru
Uskayaw
Yredelemnul

Shops:
D:4 [!?   D:6 (


Innate Abilities, Weirdness & Mutations

Your experience applies equally to all skills.
You have very sharp teeth.
Your uncanny sense of smell can sniff out nearby items.


Message History

Your bite misses the orc.
The orc is moderately wounded.
You feel sick. The orc hits you but does no damage.
The orc priest calls down the wrath of Beogh upon you.
Beogh smites you!
You barely miss the orc.
The orc is moderately wounded.
You feel sick. The orc closely misses you.
You hit the orc.
The orc is poisoned.
The orc is almost dead.
The orc closely misses you.
The orc wizard points at you and mumbles some strange words.
The magic dart hits you!
A shadow imp comes into view.
The orc priest mumbles some strange prayers to Beogh against you.
Beogh smites you!
* * * LOW HITPOINT WARNING * * *
You hit the orc but do no damage.
The orc looks as sick as possible!
The orc is almost dead.
You feel sick.
You kill the orc!
Okawaru accepts your kill.
You hit the orc.
The orc is poisoned.
The orc is heavily wounded.
The orc barely misses you.
The orc wizard mumbles some strange words.
The orc wizard flickers and vanishes!
Deactivating autopickup; reactivate with Ctrl-A.
The orc priest calls down the wrath of Beogh upon you.
Beogh smites you!
* * * LOW HITPOINT WARNING * * *
You closely miss the orc.
The orc is almost dead.
You feel sick.
You kill the orc!
Okawaru accepts your kill.
The orc wizard hits you but does no damage. x2
You hit the orc wizard.
The orc wizard is poisoned.
You bite the orc wizard.
The orc wizard is heavily wounded.
Something hits you but does no damage.
The orc priest hits you but does no damage.
The orc wizard gestures at you while chanting.
You easily resist.
Something hits you but does no damage. The orc priest barely misses you.
You barely miss the orc wizard. Your punch misses the orc wizard.
The orc wizard is heavily wounded.
You feel sick. The orc wizard barely misses you.
Something hits you but does no damage. The orc priest closely misses you.
You miss something.
The orc wizard hits you but does no damage.
Something hits you but does no damage. The orc priest barely misses you.
You feel better.
The orc wizard points at you and mumbles some strange words.
The magic dart hits you!
* * * LOW HITPOINT WARNING * * *
Something hits you but does no damage. The orc priest misses you.
You feel better.
The orc wizard hits you but does no damage.
Something hits you but does no damage.
You closely miss the orc wizard.
The orc wizard is heavily wounded.
The orc priest hits you but does no damage.
The orc wizard hits you but does no damage.
Something hits you.
* * * LOW HITPOINT WARNING * * *
The orc priest closely misses you.
You barely miss the orc wizard. You punch the orc wizard.
Your bite misses the orc wizard.
The orc wizard is severely wounded.
The orc wizard closely misses you. Something hits you but does no damage.
The orc priest closely misses you.
You sock the orc wizard!
You kill the orc wizard!
Okawaru accepts your kill.
Your Conjurations skill increases to level 4!
Your Hexes skill increases to level 4!
Your Charms skill increases to level 4!
Your Summonings skill increases to level 4!
Your Necromancy skill increases to level 4!
Your Translocations skill increases to level 4!
Your Transmutations skill increases to level 4!
Your Fire Magic skill increases to level 4!
Your Ice Magic skill increases to level 4!
Your Air Magic skill increases to level 4!
Your Earth Magic skill increases to level 4!
Your Poison Magic skill increases to level 4!
You hear some strange, mumbled words.
A puff of flame appears from out of thin air!
The puff of flame hits you!
* * * LOW HITPOINT WARNING * * *
The orc priest hits you but does no damage.
You hit something. Something hits you but does no damage.
The orc priest hits you but does no damage.
Something hits you.
* * * LOW HITPOINT WARNING * * *
You hit something. You bite something. Something hits you but does no damage.
The orc priest hits you from afar with a trident!
* * * LOW HITPOINT WARNING * * *
The orc priest invokes the aid of Beogh against you.
Beogh smites you!
You die...

............# ∆ ............#
# #....## ............#
#.#.....#
.....!......###.#.....#
...............)..>...#
o...........# #.....#
.............#####.....#
............oo))@....(.######
............5###.....<.......
........!....# ###.#########.
..............# #.#
..............# #.#
...............# #.. ∆
...<...............#
.....).......#.###)# ∆
.............#.# #..


You could see an orc priest, a shadow imp and an orc.

Vanquished Creatures
  A hornet (D:7)
  A water moccasin (D:8)
  A sky beast (D:6)
  2 orc warriors
  2 phantoms
  3 ogres
  9 centaurs
  3 bullfrogs
  5 scorpions
  4 wights (D:8)
  A howler monkey (D:5)
  3 crimson imps
  A centaur zombie (D:7)
  A centaur skeleton (D:6)
  2 orc priests
  3 hounds
  8 orc wizards
  2 bullfrog skeletons
  3 iguanas
  6 worker ants
  A hound skeleton (D:6)
  3 gnolls (D:3)
  7 adders
  A shadow imp (D:7)
  An ooze (D:3)
  An adder zombie (D:7)
  4 worms
  A dart slug (D:1)
  7 leopard geckos
  40 orcs
  3 ball pythons
  11 bats
  7 giant cockroaches
  4 goblins
  6 hobgoblins
  6 jackals
  9 kobolds
  3 quokkas
  8 frilled lizards
  A giant cockroach zombie (D:5)
  2 leopard gecko skeletons
  A leopard gecko zombie (D:6)
  2 rats (D:3)
190 creatures vanquished.

Notes
Turn   | Place    | Note
-------+----------+-------------------------------------------
     0 | D:1      | Mgcat the Gnoll Gladiator began the quest for the Orb.
     0 | D:1      | Reached XP level 1. HP: 20/20 MP: 1/1
    64 | D:1      | Reached XP level 2. HP: 25/26 MP: 2/2
    83 | D:1      | Found an iron altar of Okawaru.
    97 | D:1      | Became a worshipper of Warmaster Okawaru
  1011 | D:2      | Reached XP level 3. HP: 25/31 MP: 3/3
  1154 | D:2      | Reached skill level 1 in Invocations
  1230 | D:2      | Reached skill level 1 in Short Blades
  1230 | D:2      | Reached skill level 1 in Long Blades
  1230 | D:2      | Reached skill level 1 in Axes
  1230 | D:2      | Reached skill level 1 in Maces & Flails
  1230 | D:2      | Reached skill level 1 in Polearms
  1230 | D:2      | Reached skill level 1 in Slings
  1230 | D:2      | Reached skill level 1 in Bows
  1230 | D:2      | Reached skill level 1 in Crossbows
  1230 | D:2      | Reached skill level 1 in Armour
  1230 | D:2      | Reached skill level 1 in Stealth
  1230 | D:2      | Reached skill level 1 in Shields
  1230 | D:2      | Reached skill level 1 in Unarmed Combat
  1230 | D:2      | Reached skill level 1 in Spellcasting
  1230 | D:2      | Reached skill level 1 in Evocations
  1277 | D:2      | Reached XP level 4. HP: 38/38 MP: 5/5
  1518 | D:3      | Reached skill level 1 in Conjurations
  1518 | D:3      | Reached skill level 1 in Hexes
  1518 | D:3      | Reached skill level 1 in Charms
  1518 | D:3      | Reached skill level 1 in Summonings
  1518 | D:3      | Reached skill level 1 in Necromancy
  1518 | D:3      | Reached skill level 1 in Translocations
  1518 | D:3      | Reached skill level 1 in Transmutations
  1518 | D:3      | Reached skill level 1 in Fire Magic
  1518 | D:3      | Reached skill level 1 in Ice Magic
  1518 | D:3      | Reached skill level 1 in Air Magic
  1518 | D:3      | Reached skill level 1 in Earth Magic
  1518 | D:3      | Reached skill level 1 in Poison Magic
  1521 | D:3      | Reached XP level 5. HP: 43/43 MP: 6/6
  1566 | D:3      | Found a white marble altar of Elyvilon.
  1627 | D:3      | Found a basalt altar of Yredelemnul.
  1877 | D:3      | HP: 10/43 [gnoll/halberd (11)]
  2259 | D:3      | Found a burning altar of Makhleb.
  2302 | D:3      | Found a shadowy altar of Dithmenos.
  2402 | D:4      | Found Eqeudeuwk's Distillery.
  2406 | D:4      | Reached XP level 6. HP: 33/50 MP: 8/8
  2466 | D:4      | Reached * piety under Okawaru
  2466 | D:4      | Reached skill level 2 in Invocations
  2500 | D:4      | Reached skill level 5 in Fighting
  2500 | D:4      | Reached skill level 2 in Short Blades
  2500 | D:4      | Reached skill level 2 in Long Blades
  2500 | D:4      | Reached skill level 2 in Axes
  2500 | D:4      | Reached skill level 2 in Maces & Flails
  2500 | D:4      | Reached skill level 2 in Polearms
  2500 | D:4      | Reached skill level 2 in Slings
  2500 | D:4      | Reached skill level 2 in Bows
  2500 | D:4      | Reached skill level 2 in Crossbows
  2500 | D:4      | Reached skill level 5 in Throwing
  2500 | D:4      | Reached skill level 2 in Armour
  2500 | D:4      | Reached skill level 2 in Stealth
  2500 | D:4      | Reached skill level 2 in Shields
  2500 | D:4      | Reached skill level 2 in Unarmed Combat
  2500 | D:4      | Reached skill level 2 in Spellcasting
  2500 | D:4      | Reached skill level 2 in Evocations
  2675 | D:4      | Found Didotah's Antique Armour Shoppe.
  2790 | D:4      | Reached XP level 7. HP: 38/56 MP: 10/10
  2943 | D:4      | Found Ezenus's Magic Scroll Emporium.
  3056 | D:4      | Found a hide-covered altar of Uskayaw.
  3288 | D:5      | Entered Level 5 of the Dungeon
  3341 | D:5      | Reached skill level 7 in Staves
  3341 | D:5      | Reached skill level 7 in Dodging
  3386 | D:5      | Reached skill level 2 in Conjurations
  3386 | D:5      | Reached skill level 2 in Hexes
  3386 | D:5      | Reached skill level 2 in Charms
  3386 | D:5      | Reached skill level 2 in Summonings
  3386 | D:5      | Reached skill level 2 in Necromancy
  3386 | D:5      | Reached skill level 2 in Translocations
  3386 | D:5      | Reached skill level 2 in Transmutations
  3386 | D:5      | Reached skill level 2 in Fire Magic
  3386 | D:5      | Reached skill level 2 in Ice Magic
  3386 | D:5      | Reached skill level 2 in Air Magic
  3386 | D:5      | Reached skill level 2 in Earth Magic
  3386 | D:5      | Reached skill level 2 in Poison Magic
  3399 | D:5      | Found a shadowy altar of Dithmenos.
  3462 | D:5      | Reached ** piety under Okawaru
  3475 | D:5      | Reached skill level 3 in Invocations
  3504 | D:4      | Reached XP level 8. HP: 31/63 MP: 12/12
  3697 | D:5      | Reached skill level 3 in Short Blades
  3697 | D:5      | Reached skill level 3 in Long Blades
  3697 | D:5      | Reached skill level 3 in Axes
  3697 | D:5      | Reached skill level 3 in Maces & Flails
  3697 | D:5      | Reached skill level 3 in Polearms
  3697 | D:5      | Reached skill level 3 in Slings
  3697 | D:5      | Reached skill level 3 in Bows
  3697 | D:5      | Reached skill level 3 in Crossbows
  3697 | D:5      | Reached skill level 3 in Armour
  3697 | D:5      | Reached skill level 3 in Stealth
  3697 | D:5      | Reached skill level 3 in Shields
  3697 | D:5      | Reached skill level 3 in Unarmed Combat
  3697 | D:5      | Reached skill level 3 in Spellcasting
  3697 | D:5      | Reached skill level 3 in Evocations
  3969 | D:5      | Reached *** piety under Okawaru
  4528 | D:6      | Found Xoruiq's Antique Weapon Shop.
  4539 | D:6      | Bought a slimy mace for 200 gold pieces
  4539 | D:6      | Identified the +6 mace "Dunias" {venom, Dex+4 Stlth+} (You bought it in a shop on level 6 of the Dungeon)
  4788 | D:6      | Reached skill level 3 in Conjurations
  4788 | D:6      | Reached skill level 3 in Hexes
  4788 | D:6      | Reached skill level 3 in Charms
  4788 | D:6      | Reached skill level 3 in Summonings
  4788 | D:6      | Reached skill level 3 in Necromancy
  4788 | D:6      | Reached skill level 3 in Translocations
  4788 | D:6      | Reached skill level 3 in Transmutations
  4788 | D:6      | Reached skill level 3 in Fire Magic
  4788 | D:6      | Reached skill level 3 in Ice Magic
  4788 | D:6      | Reached skill level 3 in Air Magic
  4788 | D:6      | Reached skill level 3 in Earth Magic
  4788 | D:6      | Reached skill level 3 in Poison Magic
  4788 | D:6      | Reached skill level 4 in Invocations
  4797 | D:6      | Reached XP level 9. HP: 61/69 MP: 12/14
  4851 | D:6      | Found a staircase to the Ecumenical Temple.
  4874 | D:6      | Reached skill level 6 in Fighting
  4874 | D:6      | Reached skill level 6 in Throwing
  5265 | D:6      | Reached skill level 4 in Short Blades
  5265 | D:6      | Reached skill level 4 in Long Blades
  5265 | D:6      | Reached skill level 4 in Axes
  5265 | D:6      | Reached skill level 4 in Maces & Flails
  5265 | D:6      | Reached skill level 4 in Polearms
  5265 | D:6      | Reached skill level 4 in Slings
  5265 | D:6      | Reached skill level 4 in Bows
  5265 | D:6      | Reached skill level 4 in Crossbows
  5265 | D:6      | Reached skill level 4 in Armour
  5265 | D:6      | Reached skill level 4 in Stealth
  5265 | D:6      | Reached skill level 4 in Shields
  5265 | D:6      | Reached skill level 4 in Unarmed Combat
  5265 | D:6      | Reached skill level 4 in Spellcasting
  5265 | D:6      | Reached skill level 4 in Evocations
  5302 | D:7      | Noticed a hornet
  5312 | D:7      | Killed a hornet
  5312 | D:7      | Reached **** piety under Okawaru
  5707 | D:7      | Reached skill level 8 in Staves
  5707 | D:7      | Reached skill level 8 in Dodging
  6220 | D:8      | Reached skill level 5 in Invocations
  6277 | D:8      | Reached XP level 10. HP: 57/77 MP: 10/17
  6293 | D:8      | HP: 11/77 [orc priest/divine providence (12)]
  6298 | D:8      | HP: 18/77 [orc wizard/magic dart (2)]
  6302 | D:8      | Reached skill level 4 in Conjurations
  6302 | D:8      | Reached skill level 4 in Hexes
  6302 | D:8      | Reached skill level 4 in Charms
  6302 | D:8      | Reached skill level 4 in Summonings
  6302 | D:8      | Reached skill level 4 in Necromancy
  6302 | D:8      | Reached skill level 4 in Translocations
  6302 | D:8      | Reached skill level 4 in Transmutations
  6302 | D:8      | Reached skill level 4 in Fire Magic
  6302 | D:8      | Reached skill level 4 in Ice Magic
  6302 | D:8      | Reached skill level 4 in Air Magic
  6302 | D:8      | Reached skill level 4 in Earth Magic
  6302 | D:8      | Reached skill level 4 in Poison Magic
  6303 | D:8      | HP: 14/77 [something (2)]
  6305 | D:8      | Killed from afar by an orc priest

Vault maps used:
D:1:      erik_arrival_triangle_medium, okawaru_ov_weapons_minmay
D:2:      minmay_pentomino_q2
D:3:      kennysheep_ying_yang, lemuel_coloured_pillars_altar,
          makhleb_blood_cavern_becter
D:4:      lemuel_doored_altar, serial_shops, shop, shop, nicolae_shop_trees,
          kennysheep_generic_room_9
D:5:      first_ration, lemuel_statue_altar
D:6:      minmay_temple_entry_statues_fountains, serial_shops, shop_coins
D:8:      uniq_maurice

Skill      XL: |  1  2  3  4  5  6  7  8  9 10 |
---------------+-------------------------------+-----
Invocations    | 1 2 3 4 5 |  5.3
Short Blades   | 1 2 3 4 |  4.8
Long Blades    | 1 2 3 4 |  4.8
Axes           | 1 2 3 4 |  4.8
Maces & Flails | 1 2 3 4 |  4.8
Polearms       | 1 2 3 4 |  4.8
Slings         | 1 2 3 4 |  4.8
Bows           | 1 2 3 4 |  4.8
Crossbows      | 1 2 3 4 |  4.8
Armour         | 1 2 3 4 |  4.8
Stealth        | 1 2 3 4 |  4.8
Shields        | 1 2 3 4 |  4.8
Unarmed Combat | 1 2 3 4 |  4.8
Spellcasting   | 1 2 3 4 |  4.8
Evocations     | 1 2 3 4 |  4.8
Conjurations   | 1 2 3 4 |  4.0
Hexes          | 1 2 3 4 |  4.0
Charms         | 1 2 3 4 |  4.0
Summonings     | 1 2 3 4 |  4.0
Necromancy     | 1 2 3 4 |  4.0
Translocations | 1 2 3 4 |  4.0
Transmutations | 1 2 3 4 |  4.0
Fire Magic     | 1 2 3 4 |  4.0
Ice Magic      | 1 2 3 4 |  4.0
Air Magic      | 1 2 3 4 |  4.0
Earth Magic    | 1 2 3 4 |  4.0
Poison Magic   | 1 2 3 4 |  4.0
Fighting       | 5 6 |  6.7
Throwing       | 5 6 |  6.7
Staves         | 7 8 |  8.2
Dodging        | 7 8 |  8.2

Action                   |  1- 3 |  4- 6 |  7- 9 | 10-12 || total
-------------------------+-------+-------+-------+-------++-------
Melee: Quarterstaff      |    80 |   126 |   216 |       ||   422
       Bite              |     8 |    16 |    59 |     5 ||    88
       Mace              |       |       |   200 |    23 ||   223
       Punch             |       |       |     6 |     2 ||     8
Invok: Heroism           |       |     1 |     1 |       ||     2
Evoke: Wand              |       |       |     1 |       ||     1
  Use: Scroll            |       |       |     9 |       ||     9
       Potion            |       |       |       |     2 ||     2
 Stab: Paralysed         |       |       |     2 |       ||     2
       Distracted        |       |       |     1 |       ||     1
  Eat: Chunk             |     1 |     5 |    11 |       ||    17
Armor: Leather armour    |     7 |       |       |       ||     7
       Chain mail        |    14 |    52 |   182 |    19 ||   267
Dodge: Dodged            |    59 |    64 |   219 |    16 ||   358

Table legend:
 A = Non-vault XP
 B = Vault XP
 C = Vault XP percentage of total XP
 D = Non-vault monster count
 E = Vault monster count
 F = Vault count percentage of total count
 G = Total turns spent on level
                 A         B        C        D         E       F
            +---------+---------+-------+---------+---------+-------
      Total |    4905 |      57 |   1.1 |     187 |       3 |   1.6
            +---------+---------+-------+---------+---------+-------
        D:1 |      31 |       0 |   0.0 |      17 |       0 |   0.0
        D:2 |      57 |      15 |  20.8 |      17 |       2 |  10.5
        D:3 |     136 |      42 |  23.6 |      23 |       1 |   4.2
        D:4 |     472 |       0 |   0.0 |      26 |       0 |   0.0
        D:5 |     993 |       0 |   0.0 |      30 |       0 |   0.0
        D:6 |    1144 |       0 |   0.0 |      32 |       0 |   0.0
        D:7 |    1113 |       0 |   0.0 |      26 |       0 |   0.0
        D:8 |     959 |       0 |   0.0 |      16 |       0 |   0.0
            +---------+---------+-------+---------+---------+-------

Vault maps used:
D:1:      erik_arrival_triangle_medium, okawaru_ov_weapons_minmay
D:2:      minmay_pentomino_q2
D:3:      kennysheep_ying_yang, lemuel_coloured_pillars_altar,
          makhleb_blood_cavern_becter
D:4:      lemuel_doored_altar, serial_shops, shop, shop, nicolae_shop_trees,
          kennysheep_generic_room_9
D:5:      first_ration, lemuel_statue_altar
D:6:      minmay_temple_entry_statues_fountains, serial_shops, shop_coins
D:8:      uniq_maurice

Table legend:
 A = Turns spent in this place as a percentage of turns spent in the entire game.
 B = Non-inter-level travel turns spent in this place as a percentage of non-inter-level travel turns spent in the entire game.
 C = Inter-level travel turns spent in this place as a percentage of turns spent in this place.
 D = Turns resting spent in this place as a percentage of non-inter-level travel turns spent in this place.
 E = Turns spent auto-exploring this place as a percentage of non-inter-level travel turns spent in this place.
 F = Non-inter-level travel turns spent in this place divided by the number of levels of this place that you've seen.
                   A       B       C       D       E      F
               +-------+-------+-------+-------+-------+----------------------
         Total | 100.0 | 100.0 |   4.9 |   1.3 |  76.0 | 749.9
       Dungeon | 100.0 | 100.0 |   4.9 |   1.3 |  76.0 | 749.9
               +-------+-------+-------+-------+-------+----------------------

Table legend:
 A = Kills in this place as a percentage of kills in entire the game.
 B = Kills by you in this place as a percentage of kills by you in the entire game.
 C = Kills by friends in this place as a percentage of kills by friends in the entire game.
 D = Other kills in this place as a percentage of other kills in the entire game.
 E = Experience gained in this place as a percentage of experience gained in the entire game.
 F = Experience gained in this place divided by the number of levels of this place that you have seen.
                   A       B       C       D       E      F
               +-------+-------+-------+-------+-------+----------------------
         Total | 100.0 | 100.0 |   N/A |   N/A | 100.0 | 620.2
       Dungeon | 100.0 | 100.0 |   N/A |   N/A | 100.0 | 620.2
               +-------+-------+-------+-------+-------+----------------------
